 Dungeon Crawl Stone Soup version 0.23.2-40-g277498a001 (webtiles) character file.

Game seed: 2909943419246826485

193228 ciphuk the Acrobat (level 19, -11/116 HPs)
             Began as a Kobold Berserker on Sept 13, 2019.
             Was a High Priest of Trog.
             Mangled by a +5 bardiche of electrocution (38 damage)
             ... on level 2 of the Elven Halls.
             The game lasted 01:55:30 (51025 turns).

ciphuk the Acrobat (Kobold Berserker)              Turns: 51025, Time: 01:55:31

Health: -11/116    AC: 19    Str: 18    XL:     19   Next: 42%
Magic:  24/24      EV: 33    Int: 12    God:    Trog [*****.]
Gold:   2465       SH:  4    Dex: 22    Spells: 18/18 levels left

rFire    + + +     SeeInvis .   a - +7 quick blade (drain)
rCold    . . .     Gourm    .   (shield restricted)
rNeg     . . .     Faith    .   d - +1 ring mail "Amean" {rF++ rCorr}
rPois    +         Spirit   .   F - +1 helmet {Int+3}
rElec    .         Reflect  +   y - +2 cloak
rCorr    +         Harm     .   j - +2 pair of gloves
MR       +++..                  K - +0 pair of boots
Stlth    +++++++...             H - +4 amulet of reflection
HPRegen  1.29/turn              N - ring of poison resistance
MPRegen  0.19/turn              o - ring "Ekhli" {rF+ Dex+4 Stlth+}

@: very slightly contaminated, regenerating
A: small, carnivore
a: Berserk, Trog's Hand, Brothers in Arms, Renounce Religion


You were on level 2 of the Elven Halls.
You worshipped Trog.
Trog was extremely pleased with you.
You were very full.

You visited 6 branches of the dungeon, and saw 31 of its levels.
You also visited: Gauntlet and Ice Cave.

You collected 2996 gold pieces.
You spent 531 gold pieces at shops.

Inventory:

Hand Weapons
 a - a +7 quick blade of draining (weapon)
 b - a +5 arbalest of freezing
 p - a +5 antimagic rapier
Missiles
 h - 366 bolts
 z - 6 exploding tomahawks (quivered)
Armour
 d - the +1 ring mail "Amean" (worn) {rF++ rCorr}
   (You bought it in a shop on level 12 of the Dungeon)

   It greatly protects you from fire.
   It provides partial protection from all sources of acid and corrosion.
 j - a +2 pair of gloves (worn)
 x - the +5 plate armour of Vam Sit {*Slow rElec Int+4}
   (You found it on level 6 of the Dungeon)

   It affects your intelligence (+4).
   It insulates you from electricity.
   It may slow you when you take damage.
 y - a +2 cloak (worn)
 F - a +1 helmet of intelligence (worn)
 K - a +0 pair of boots (worn)
Jewellery
 f - an uncursed ring of ice
 o - the ring "Ekhli" (right hand) {rF+ Dex+4 Stlth+}
   (You found it in a Gauntlet)

   [ring of stealth]

   It affects your dexterity (+4).
   It protects you from fire.
   It makes you more stealthy.
 G - an uncursed amulet of the acrobat
 H - a +4 amulet of reflection (around neck)
 I - an uncursed ring of flight
 N - a ring of poison resistance (left hand)
Wands
 m - a wand of iceblast (12)
 A - a wand of random effects (80)
 E - a wand of disintegration (32)
 M - a wand of polymorph (27)
 Q - a wand of acid (35)
 S - a wand of enslavement (13)
 V - a wand of clouds (6)
 X - a wand of paralysis (7)
 Y - a wand of digging (6)
Scrolls
 e - 17 scrolls of remove curse
 g - 13 scrolls of teleportation
 l - 2 scrolls of vulnerability
 q - 4 scrolls of immolation
 r - 6 scrolls of magic mapping {!r}
 t - a scroll of holy word
 v - 4 scrolls of fear
 L - 6 scrolls of fog
 O - 4 scrolls of silence
 R - 2 scrolls of summoning
 W - 3 scrolls of torment
 Z - 4 scrolls of identify
Potions
 i - 3 potions of ambrosia
 k - 2 potions of resistance
 n - 12 potions of curing
 s - 7 potions of haste
 B - 5 potions of cancellation
 C - a potion of brilliance
 D - 8 potions of agility
 J - 5 potions of invisibility
 T - 2 potions of flight
 U - a potion of might
Comestibles
 c - 59 rations
 w - 2 chunks of flesh


   Skills:
 + Level 11.9 Fighting
 - Level 12.0 Short Blades
 + Level 17.2 Crossbows
 - Level 12.0 Armour
 - Level 21.0 Dodging
 - Level 15.0 Stealth
 + Level 7.5 Evocations


You had 18 spell levels left.
You didn't know any spells.
Your spell library contained the following spells:

 Spells                   Type           Power        Failure   Level  Hunger
 Confusing Touch          Hex            #.....       45%         1    ##.....
 Corona                   Hex            #......      45%         1    ##.....
 Flame Tongue             Conj/Fire      #....        45%         1    ##.....
 Magic Dart               Conj           #...         45%         1    ##.....
 Shock                    Conj/Air       #...         45%         1    ##.....
 Sting                    Conj/Pois      #...         45%         1    ##.....
 Ensorcelled Hibernation  Hex/Ice        #.....       58%         2    ###....
 Poisonous Vapours        Pois/Air       #.....       58%         2    ###....
 Searing Ray              Conj           #.....       58%         2    ###....
 Sublimation of Blood     Necr           #.........   58%         2    ###....
 Swiftness                Chrm/Air       #.......     58%         2    ###....
 Confuse                  Hex            #.......     83%         3    ####...
 Dazzling Spray           Conj/Hex       #.....       83%         3    ####...
 Gell's Gravitas          Tloc           #.........   83%         3    ####...
 Ignite Poison            Fire/Tmut/Pois #.......     83%         3    ####...
 Mephitic Cloud           Conj/Pois/Air  #.......     83%         3    ####...
 Static Discharge         Conj/Air       #.......     83%         3    ####...
 Stone Arrow              Conj/Erth      #.....       83%         3    ####...
 Tukima's Dance           Hex            #.......     83%         3    ####...
 Airstrike                Air            #.........   99%         4    #####..
 Cause Fear               Hex            #.........   99%         4    #####..
 Force Lance              Conj/Tloc      #.......     99%         4    #####..
 Fulminant Prism          Conj/Hex       #.........   99%         4    #####..
 Iskenderun's Mystic Bla  Conj           #.......     99%         4    #####..
 Olgreb's Toxic Radiance  Pois           #.......     99%         4    #####..
 Petrify                  Tmut/Erth      #.......     99%         4    #####..
 Summon Lightning Spire   Summ/Air       #.......     99%         4    #####..
 Alistair's Intoxication  Tmut/Pois      #.......     100%        5    ######.
 Irradiate                Conj/Tmut      #.........   100%        5    ######.
 Lightning Bolt           Conj/Air       #.........   100%        5    ######.
 Metabolic Englaciation   Hex/Ice        #.........   100%        5    ######.
 Silence                  Hex/Air        #.........   100%        5    ######.
 Venom Bolt               Conj/Pois      #.........   100%        5    ######.
 Yara's Violent Unravell  Hex/Tmut       #.........   100%        5    ######.
 Bolt of Fire             Conj/Fire      #.........   100%        6    #######
 Conjure Ball Lightning   Conj/Air       #.........   100%        6    #######
 Deflect Missiles         Chrm/Air       #.........   100%        6    #######
 Iron Shot                Conj/Erth      #.........   100%        6    #######
 Statue Form              Tmut/Erth      #........    100%        6    #######
 Dragon Form              Tmut           #.........   100%        7    #######
 Discord                  Hex            #.........   100%        8    #######
 Dragon's Call            Summ           #.........   100%        9    #######
 Tornado                  Air            #.........   100%        9    #######


Dungeon Overview and Level Annotations

Branches:
Dungeon (15/15)            Temple (0/1) D:6            Lair (6/6) D:9
 Shoals (2/4) Lair:4        Snake (4/4) Lair:3        Slime (0/5) Lair:6
    Orc (2/2) D:9             Elf (2/3) Orc:2        Vaults (0/5) D:13
 Depths (0/5) D:15

Altars:
Dithmenos
Elyvilon
Fedhas
Gozag
Hepliaklqana
Makhleb
Ru
Trog
Uskayaw
Wu Jian
Xom
Zin
The Shining One
Beogh
Jiyva

Shops:
D:4 =   D:9 (   D:12 ?[%*!   D:15 }   Orc:2 **:(   Elf:1 *   Snake:2 :=}=

Portals:
Pandemonium: Orc:2

Annotations:
Snake:3 Mara
Snake:4 4 exclusions
Elf:2 Agnes, Louise


Innate Abilities, Weirdness & Mutations

You are small and have problems with some larger weapons.
You are carnivorous and can eat meat at any time.


Message History

The deep elf blademaster hits you but does no damage.
The deep elf blademaster barely misses you.
The deep elf blademaster hits you with a +0 rapier!
* * * LOW HITPOINT WARNING * * *
You feel much better.
The deep elf blademaster hits you but does no damage. x2
Your skin crawls.
You feel resistant to hostile enchantments.
The deep elf blademaster completely misses you.
The deep elf blademaster hits you with a +0 rapier!
* * * LOW HITPOINT WARNING * * *
The deep elf blademaster hits you with a +0 rapier.
* * * LOW HITPOINT WARNING * * *
The deep elf blademaster hits you but does no damage.
Your deep troll goes berserk!
You feel quite a bit less full.
The deep elf blademaster completely misses you.
The deep elf blademaster barely misses you.
The +5 bardiche of electrocution hits you from afar!!!
You die...

.................................
.................................
.................................
.(......#..............)....#....
e......###..............)..## ...
...(..## ##..............e## ##..
....ยง).###.....(T..........###...
..)e....#.....).e.........{.#....
................@.........iTe(...
##...##e..##.....###.....##...##.
###.####.####.#.++#''.#.####.## #
### ### #####...##### ###
############ ##')'## #########
###..#....#..# #.....# ##........
.....#..#.#..# #.#.#.# #.........
.............# #.....# ##........
.....#.......# #..)..# #.........


You could see a deep elf blademaster, a +5 bardiche of electrocution and a
friendly deep troll (berserk).

Vanquished Creatures
  Rupert (D:14)
  A quicksilver dragon (shapeshifter) (Elf:2)
  Roxanne (Elf:1)
  An orc warlord (Orc:1)
  A minotaur (Gauntlet)
  4 merfolk impalers
  A deep elf high priest (Elf:1)
  Fannar (Lair:1)
  4 hydras
  8 naga warriors
  2 merfolk avatars
  An alligator snapping turtle (Shoals:2)
  4 centaur warriors
  8 anacondas
  A satyr (Shoals:2)
  A catoblepas (Lair:6)
  4 two-headed ogres
  17 dancing weapons
  A deep troll shaman (Lair:6)
  20 death yaks
  4 orc high priests
  6 shock serpents
  5 naga sharpshooters
  7 deep elf knights
  2 skeletal warriors (D:14)
  The ghost of exaltech the Magician, a novice GnSk of Okawaru (D:5)
  An unseen horror (D:11)
  A salamander mystic (Snake:2)
  A torturous demonspawn (Orc:2)
  A flayed ghost (D:15)
  A deep elf archer (Elf:2)
  2 wizards (Gauntlet)
  5 sea snakes
  5 orc knights
  4 naga ritualists
  Pikel (D:6)
  2 necromancers
  2 lindwurms (Lair:6)
  11 mana vipers
  38 deep elf magi
  13 harpies (Shoals:1)
  11 salamanders
  8 ugly things
  8 orc sorcerers (Orc:2)
  3 elephants (Lair:6)
  3 oklob plants
  3 cyclopes
  11 fauns
  5 manticores
  14 slime creatures
  2 centaur zombies
  Maurice (Orc:1)
  A rust devil (Orc:2)
  4 water nymphs
  24 black mambas
  A torpor snail (Lair:4)
  2 gargoyles
  3 merfolk sirens
  14 naga magi
  8 spiny frogs
  4 ice statues (IceCv)
  A spiny frog (shapeshifter) (D:14)
  4 centaur skeletons
  7 komodo dragons
  2 kobold demonologists (D:13)
  A rime drake (Lair:6)
  10 ice devils
  An efreet (D:13)
  A red devil (Orc:2)
  A yaktaur (shapeshifter) (D:15)
  A polar bear (Lair:6)
  A hellwing (Orc:2)
  7 trolls
  A troll (shapeshifter) (Elf:1)
  4 wind drakes
  14 merfolk
  Prince Ribbit (D:6)
  2 hornets
  An ettin zombie (D:15)
  An ice dragon zombie (D:15)
  15 hippogriffs
  6 blink frogs
  3 snapping turtles
  Sigmund (D:5)
  An ettin skeleton (D:15)
  2 large abominations (Gauntlet)
  A redback (shapeshifter) (Elf:1)
  37 yaks
  A ynoxinul (Orc:2)
  5 wyverns
  4 water elementals
  Eustachio (D:4)
  4 basilisks
  5 hungry ghosts
  8 vampire mosquitoes
  A tengu zombie (D:15)
  3 wargs (Orc:1)
  2 soldier ants (D:14)
  2 acid dragons
  39 nagas
  22 water moccasins
  Duvessa (D:6)
  4 porcupines
  7 ice beasts
  36 orc warriors
  3 phantoms
  2 black bears
  An eye of draining (D:15)
  A necrophage (D:9)
  3 sky beasts (D:8)
  21 wolves
  13 ogres
  12 centaurs
  12 crocodiles
  8 big kobolds
  3 small abominations (Gauntlet)
  8 bullfrogs
  5 scorpions
  2 wyvern skeletons
  Dowan (D:6)
  8 killer bees
  A vampire bat (Orc:1)
  11 wights
  2 howler monkeys (D:11)
  5 electric eels
  11 crimson imps
  A bullfrog zombie (D:8)
  2 draconian simulacra (IceCv)
  5 quasits
  5 hounds
  A gnoll shaman (D:8)
  12 jellies
  13 orc wizards
  5 iguanas
  39 orc priests
  7 worker ants
  A troll simulacrum (IceCv)
  2 hell rats (Lair:1)
  2 centaur simulacra
  A worker ant zombie (D:11)
  3 gnolls (D:8)
  6 naga simulacra (IceCv)
  7 adders
  8 river rats (Lair:1)
  8 shadow imps
  2 white imps (Gauntlet)
  19 oozes
  2 adder zombies (D:8)
  2 adder skeletons
  7 worms
  A dart slug (D:2)
  4 leopard geckos
  107 orcs
  8 giant cockroaches
  5 goblins
  9 hobgoblins
  14 jackals
  4 quokkas
  3 ball pythons
  13 bats
  4 frilled lizards
  22 kobolds
  A quokka skeleton (D:8)
  A quokka zombie (D:6)
  5 rats
1091 creatures vanquished.

Vanquished Creatures (collateral kills)
  A merfolk avatar (Shoals:2)
  2 satyrs (Shoals:2)
  2 dancing weapons (Elf:2)
  A naga ritualist (Snake:4)
  3 deep elf magi
  3 fauns (Shoals:2)
  A manticore (D:11)
  A merfolk siren (Shoals:2)
  A water elemental (Shoals:2)
15 creatures vanquished.

Vanquished Creatures (others)
  A vampire (D:14)
  A centaur (D:12)
  2 orcs (D:6)
  11 fungi
  18 plants
33 creatures vanquished.

Grand Total: 1139 creatures vanquished

Notes
Turn   | Place    | Note
-------+----------+-------------------------------------------
     0 | D:1      | ciphuk the Kobold Berserker began the quest for the Orb.
     0 | D:1      | Reached XP level 1. HP: 14/14 MP: 1/1
   170 | D:1      | Reached XP level 2. HP: 6/19 MP: 2/2
  1468 | D:1      | Reached XP level 3. HP: 24/24 MP: 3/3
  1757 | D:2      | Reached skill level 5 in Short Blades
  1760 | D:2      | Found a sacrificial altar of Ru.
  2088 | D:2      | Found an opulent altar of Gozag.
  2492 | D:2      | Reached XP level 4. HP: 26/29 MP: 4/4
  3037 | D:3      | Reached XP level 5. HP: 16/33 MP: 5/5
  3372 | D:3      | Found a white marble altar of Elyvilon.
  3403 | D:3      | Reached ** piety under Trog
  3732 | D:4      | Found Honeiw's Jewellery Shoppe.
  4221 | D:4      | Reached XP level 6. HP: 35/40 MP: 6/6
  4312 | D:4      | Noticed Eustachio
  4326 | D:4      | Killed Eustachio
  4326 | D:4      | Reached skill level 5 in Fighting
  4356 | D:4      | Reached XP level 7. HP: 44/44 MP: 7/7
  4875 | D:5      | Entered Level 5 of the Dungeon
  4954 | D:5      | Found a shimmering altar of Xom.
  5254 | D:5      | Found a hazy altar of Hepliaklqana.
  5335 | D:5      | Noticed Sigmund
  5353 | D:5      | Killed Sigmund
  5353 | D:5      | Reached XP level 8. HP: 46/51 MP: 8/8
  5592 | D:6      | Reached skill level 10 in Short Blades
  5740 | D:6      | Got an encrusted plate armour
  5782 | D:6      | Identified the +5 plate armour of Vam Sit {*Slow rElec
                  | Int+4} (You found it on level 6 of the Dungeon)
  5886 | D:6      | Noticed Pikel
  5909 | D:6      | Killed Pikel
  5909 | D:6      | Reached XP level 9. HP: 53/57 MP: 9/9
  6004 | D:6      | Found a runed translucent gate.
  6004 | D:6      | Found a runed translucent gate.
  6005 | D:6      | Found a runed translucent gate.
  6005 | D:6      | Identified the cursed +0 chain mail of the Harvest
                  | {*Corrode rF- Regen+ Int+8}
  6006 | D:6      | Noticed exaltech's ghost (novice GnSk)
  6066 | D:6      | Noticed Duvessa
  6066 | D:6      | Noticed Dowan
  6084 | D:6      | Killed Dowan
  6102 | D:6      | Killed Duvessa
  6267 | D:6      | Found a staircase to the Ecumenical Temple.
  6538 | D:6      | Noticed Prince Ribbit
  6565 | D:6      | Killed Prince Ribbit
  6640 | D:6      | Reached *** piety under Trog
  6781 | D:6      | Found a roughly hewn altar of Beogh.
  6832 | D:5      | Reached skill level 10 in Fighting
  7000 | D:5      | Killed exaltech's ghost
  7000 | D:5      | Reached skill level 6 in Dodging
  7000 | D:5      | Reached XP level 10. HP: 38/68 MP: 10/10
  7305 | D:7      | Reached skill level 7 in Dodging
  7339 | D:7      | Found a blossoming altar of Fedhas.
  7652 | D:7      | Found a burning altar of Makhleb.
  8011 | D:7      | Reached skill level 8 in Dodging
  8020 | D:7      | Found a glowing golden altar of the Shining One.
  8184 | D:8      | Reached skill level 9 in Dodging
  8452 | D:8      | Found a hide-covered altar of Uskayaw.
  8502 | D:8      | Found a large runed translucent door.
  8521 | D:8      | Found a large runed translucent door.
  8590 | D:8      | Found a hazy altar of Hepliaklqana.
  8786 | D:8      | Reached skill level 10 in Dodging
  8791 | D:8      | Reached **** piety under Trog
  8894 | D:8      | Found a shadowy altar of Dithmenos.
  9085 | D:8      | Found an ornate altar of the Wu Jian Council.
  9364 | D:9      | Found a staircase to the Lair.
  9539 | D:9      | Reached skill level 11 in Dodging
  9554 | D:9      | Reached XP level 11. HP: 54/72 MP: 11/11
  9766 | D:9      | Reached skill level 12 in Dodging
 10081 | D:9      | Found a staircase to the Orcish Mines.
 10106 | D:9      | Reached ***** piety under Trog
 10120 | D:9      | Found a roughly hewn altar of Beogh.
 10131 | D:9      | Reached skill level 13 in Dodging
 10434 | D:9      | Found Juab's Antique Weapon Shop.
 10649 | D:10     | Entered Level 10 of the Dungeon
 11732 | D:11     | Noticed a centaur warrior
 11749 | D:11     | Killed a centaur warrior
 11749 | D:11     | Reached skill level 14 in Dodging
 12132 | D:11     | Noticed a manticore
 12145 | D:11     | Killed a manticore
 12489 | D:11     | Received a gift from Trog
 12538 | D:11     | Found a sacrificial altar of Ru.
 12566 | D:11     | Reached skill level 15 in Dodging
 12598 | D:11     | Killed an unseen horror
 12598 | D:11     | Reached XP level 12. HP: 44/77 MP: 12/12
 12798 | D:11     | Noticed a five-headed hydra
 12819 | D:11     | Killed a five-headed hydra
 13261 | D:12     | Noticed a two-headed ogre
 13279 | D:11     | Killed a two-headed ogre
 13279 | D:11     | Reached skill level 16 in Dodging
 13815 | D:12     | Found Wyalied's Magic Scroll Shoppe.
 13824 | D:12     | Bought a scroll of magic mapping for 56 gold pieces
 13824 | D:12     | Bought a scroll of random uselessness for 16 gold pieces
 13824 | D:12     | Bought a scroll of silence for 120 gold pieces
 13824 | D:12     | Bought a scroll of amnesia for 56 gold pieces
 13824 | D:12     | Bought a scroll of fog for 32 gold pieces
 14147 | D:12     | Got a spiked plate armour
 14151 | D:12     | Found Sorun's Antique Armour Emporium.
 14166 | D:12     | Identified the +4 plate armour "Tucag" {rN+} (You found it
                  | on level 12 of the Dungeon)
 14189 | D:12     | Bought a fine ring mail for 234 gold pieces
 14199 | D:12     | Identified the cursed +1 ring mail "Amean" {rF++ rCorr}
                  | (You bought it in a shop on level 12 of the Dungeon)
 14262 | D:12     | Reached skill level 17 in Dodging
 14421 | D:12     | Found Kuona's Food Shop.
 14449 | D:12     | Found Ebluoram's General Store.
 14454 | D:12     | Bought a scroll of noise for 17 gold pieces
 14769 | D:12     | Found Udikleh's Distillery.
 14800 | D:12     | Found a bloodstained altar of Trog.
 14966 | D:12     | Noticed a two-headed ogre
 14981 | D:12     | Killed a two-headed ogre
 15597 | D:13     | Noticed a +7 long sword
 15615 | D:13     | Killed a +7 long sword
 15636 | D:13     | Found a gate to the Vaults.
 15638 | D:13     | Noticed a +4 long sword
 15804 | D:12     | Reached XP level 13. HP: 61/82 MP: 13/13
 16596 | D:13     | Received a gift from Trog
 16596 | D:13     | Reached skill level 5 in Armour
 16596 | D:13     | Reached skill level 18 in Dodging
 17264 | D:13     | Noticed a centaur warrior
 17281 | D:13     | Killed a centaur warrior
 17632 | D:14     | Found a glowing silver altar of Zin.
 17756 | D:14     | Noticed a centaur warrior
 17789 | D:14     | Killed a centaur warrior
 19122 | D:14     | Reached skill level 19 in Dodging
 19488 | D:14     | Reached XP level 14. HP: 88/88 MP: 4/14
 19722 | D:14     | Noticed Rupert
 19774 | D:14     | Killed Rupert
 20141 | D:15     | Entered Level 15 of the Dungeon
 21334 | D:15     | Received a gift from Trog
 21682 | D:15     | Found Odebled's Gadget Shoppe.
 21692 | D:15     | Reached skill level 1 in Crossbows
 21855 | D:15     | Found a staircase to the Depths.
 21955 | D:15     | Received a gift from Trog
 22220 | Lair:1   | Entered Level 1 of the Lair of Beasts
 22491 | Lair:1   | Reached skill level 20 in Dodging
 22592 | Lair:1   | Noticed Fannar
 22610 | Lair:1   | Killed Fannar
 23366 | Lair:2   | Found a frozen archway.
 23377 | IceCv    | Entered an ice cave
 24221 | IceCv    | Reached skill level 5 in Crossbows
 25002 | Lair:2   | Reached XP level 15. HP: 86/92 MP: 5/15
 25097 | Lair:2   | Received a gift from Trog
 26462 | Lair:3   | Found a staircase to the Snake Pit.
 26696 | Lair:3   | Found the +8 whip "Snakebite" {curare, rPois}
 26909 | Lair:4   | Received a gift from Trog
 27424 | Lair:4   | Reached skill level 10 in Armour
 28399 | Lair:4   | Reached skill level 10 in Crossbows
 28791 | Lair:4   | Found a staircase to the Shoals.
 29055 | Lair:5   | Found a gate leading to a gauntlet.
 29080 | Gauntlet | Entered a Gauntlet
 29080 | Gauntlet | Found a transporter.
 29089 | Gauntlet | Found a transporter.
 29109 | Gauntlet | Found a transporter.
 29113 | Gauntlet | Found a transporter.
 29129 | Gauntlet | Found a transporter.
 29142 | Gauntlet | Found a transporter.
 29155 | Gauntlet | Found a transporter.
 29175 | Gauntlet | Found a transporter.
 29179 | Gauntlet | Found a transporter.
 29187 | Gauntlet | Found a transporter.
 29217 | Gauntlet | Found a transporter.
 29217 | Gauntlet | Found a transporter.
 29473 | Gauntlet | Got an ancient jade ring
 29479 | Gauntlet | Identified the ring "Ekhli" {rF+ Dex+4 Stlth+} (You found
                  | it in a Gauntlet)
 29885 | Lair:5   | Reached ****** piety under Trog
 29948 | Lair:5   | Received a gift from Trog
 29948 | Lair:5   | Reached XP level 16. HP: 86/97 MP: 16/16
 30762 | Lair:6   | Entered Level 6 of the Lair of Beasts
 30828 | Lair:6   | Found a staircase to the Slime Pits.
 31222 | Lair:6   | Received a gift from Trog
 31284 | Lair:6   | Reached skill level 21 in Dodging
 32288 | Lair:6   | Found a viscous altar of Jiyva.
 32650 | Shoals:1 | Entered Level 1 of the Shoals
 32684 | Shoals:1 | Received a gift from Trog
 33468 | Shoals:1 | Received a gift from Trog
 35348 | Shoals:2 | Reached skill level 1 in Stealth
 35348 | Shoals:2 | Reached XP level 17. HP: 91/102 MP: 17/17
 35411 | Shoals:2 | Received a gift from Trog
 36353 | Shoals:2 | Reached skill level 5 in Stealth
 36875 | Snake:1  | Entered Level 1 of the Snake Pit
 37020 | Snake:1  | Identified the ring "Moleogih" {rCorr rF+ Str+3 Int-5}
 37303 | Snake:1  | Reached skill level 15 in Crossbows
 38530 | Snake:2  | Received a gift from Trog
 38901 | Snake:2  | Found Veoczotzo's Book Shoppe.
 39906 | Snake:2  | Found Ykhlilurgh's Jewellery Emporium.
 39923 | Snake:2  | Found Suirph's Gadget Boutique.
 39924 | Snake:2  | Found Gazexuss's Jewellery Emporium.
 40364 | Snake:3  | Reached skill level 1 in Evocations
 40874 | Snake:3  | Reached skill level 10 in Stealth
 40963 | Snake:3  | Reached XP level 18. HP: 108/108 MP: 19/19
 41102 | Snake:3  | Noticed Mara
 41449 | Snake:3  | Received a gift from Trog
 41596 | Snake:4  | Entered Level 4 of the Snake Pit
 42540 | Snake:4  | Received a gift from Trog
 43700 | Orc:1    | Entered Level 1 of the Orcish Mines
 43741 | Orc:1    | Noticed Maurice
 43760 | Orc:1    | Killed Maurice
 44020 | Orc:2    | Entered Level 2 of the Orcish Mines
 44144 | Orc:2    | Found a staircase to the Elven Halls.
 45069 | Orc:1    | Received a gift from Trog
 46510 | Orc:2    | Found a roughly hewn altar of Beogh.
 46792 | Orc:2    | Found Otitude's General Store.
 46794 | Orc:2    | Found Coch's General Store.
 46842 | Elf:1    | Entered Level 1 of the Elven Halls
 47209 | Orc:2    | Paralysed by an orc sorcerer for 5 turns
 47220 | Orc:2    | Paralysed by an orc sorcerer for 6 turns
 47733 | Orc:2    | Reached skill level 15 in Stealth
 47827 | Orc:2    | Found Roumociu's Antique Weapon Emporium.
 47827 | Orc:2    | Found Tenot's Book Shoppe.
 47839 | Orc:2    | Found a one-way gate leading to the halls of Pandemonium.
 48236 | Elf:1    | Received a gift from Trog
 48393 | Elf:1    | Found Umifimod's Assorted Antiques.
 48656 | Elf:1    | Reached skill level 5 in Evocations
 48721 | Elf:1    | Identified Roxanne's Guide on Stones
 48721 | Elf:1    | Noticed Roxanne
 48796 | Elf:1    | Killed Roxanne
 49093 | Elf:1    | Reached XP level 19. HP: 115/115 MP: 23/23
 50208 | Elf:2    | Received a gift from Trog
 50647 | Elf:2    | Found a runed translucent gate.
 50647 | Elf:2    | Found a runed translucent gate.
 50647 | Elf:2    | Found a runed translucent gate.
 50947 | Elf:2    | Noticed a deep elf blademaster
 50959 | Elf:2    | Noticed Agnes
 51016 | Elf:2    | Noticed Louise
 51025 | Elf:2    | Mangled by a +5 bardiche of electrocution

Skill      XL: |  1  2  3  4  5  6  7  8  9 10 11 12 13 14 15 16 17 18 19 |
---------------+----------------------------------------------------------+-----
Short Blades   | 5 6 7 8 9 11 12 | 12.0
Fighting       | 4 5 6 7 10 11 | 11.9
Dodging        | 6 11 15 17 19 20 21 | 21.0
Armour         | 3 7 9 10 11 12 | 12.0
Crossbows      | 5 10 14 16 17 | 17.2
Stealth        | 1 10 15 | 15.0
Evocations     | 2 5 7 |  7.5

Action                   |  1- 3 |  4- 6 |  7- 9 | 10-12 | 13-15 | 16-18 | 19-21 || total
-------------------------+-------+-------+-------+-------+-------+-------+-------++-------
Melee: Short sword       |   133 |       |    43 |   227 |       |       |       ||   403
       Dagger            |     6 |   175 |   365 |    44 |       |       |       ||   590
       Rapier            |       |       |       |   857 |  1178 |       |       ||  2035
       Quick blade       |       |       |       |       |  1518 |  3128 |   305 ||  4951
 Fire: Arbalest          |       |       |       |       |       |   100 |    16 ||   116
       Triple crossbow   |       |       |       |       |       |     4 |       ||     4
Throw: Tomahawk          |       |       |       |       |       |     1 |       ||     1
Invok: Berserk           |     3 |     2 |     5 |     9 |    19 |    11 |     1 ||    50
       Brothers in Arms  |       |       |       |     1 |     2 |     3 |     3 ||     9
       Trog's Hand       |       |       |       |     1 |     1 |       |     1 ||     3
Evoke: Wand              |       |       |       |       |     3 |     2 |       ||     5
  Use: Scroll            |       |       |       |    17 |    16 |     5 |     5 ||    43
       Potion            |       |       |       |       |       |     2 |     3 ||     5
 Stab: Sleeping          |       |       |       |       |     1 |    26 |     7 ||    34
       Distracted        |       |       |       |       |       |     7 |       ||     7
  Eat: Chunk             |    17 |     8 |    11 |    44 |    61 |    79 |     7 ||   227
Armor: Animal skin       |    10 |    10 |       |       |       |       |       ||    20
       Scale mail        |       |    27 |    41 |       |       |       |       ||    68
       Plate armour      |       |       |    73 |       |       |       |       ||    73
       Leather armour    |       |       |     6 |    15 |       |       |       ||    21
       Acid dragon scale |       |       |       |    85 |       |       |       ||    85
       Ring mail         |       |       |       |    12 |   182 |   232 |    29 ||   455
Dodge: Dodged            |   111 |    77 |    93 |   660 |  1266 |  1745 |   146 ||  4098
Block: Other             |       |       |       |   103 |   174 |   262 |    12 ||   551
       Reflection        |       |       |       |     9 |     3 |    16 |     2 ||    30
